 Dungeon Crawl Stone Soup version 0.25.0-15-gac7dcb8919 (console) character file.

Game seed: 7065618185140659772

67 bli the Insei (level 4, -4/35 HPs)
             Began as a Draconian Transmuter on June 28, 2020.
             Killed from afar by Sigmund (5 damage)
             ... with a magic dart
             ... on level 2 of the Dungeon.
             The game lasted 00:06:03 (1996 turns).

bli the Insei (Draconian Transmuter)                Turns: 1996, Time: 00:06:04

Health: -4/35      AC:  5    Str: 12    XL:     4   Next: 0%
Magic:  7/7        EV: 12    Int: 14    God:
Gold:   102        SH:  0    Dex: 12    Spells: 1/7 levels left

rFire    . . .     SeeInvis .   j - +2 dagger (drain)
rCold    . . .     Gourm    .   (no shield)
rNeg     . . .     Faith    .   (armour unavailable)
rPois    .         Spirit   .   (helmet restricted)
rElec    .         Reflect  .   (no cloak)
rCorr    .         Harm     .   (no gloves)
MR       .....                  (no boots)
Stlth    +.........             (no amulet)
HPRegen  0.11/turn              (no ring)
MPRegen  0.10/turn              (no ring)

@: appendage, lightly drained
A: unfitting armour, horns 2, blurry vision 1, mutation resistance 1,
cold-blooded, AC +5
a: End Transformation


You were on level 2 of the Dungeon.
You were not hungry.
You had grown temporary horns.
You visited 1 branch of the dungeon, and saw 2 of its levels.

You collected 102 gold pieces.

Inventory:

Hand Weapons
 j - a +2 dagger of draining (weapon)
 l - a +2 vampiric short sword
Missiles
 a - 26 arrows
 e - 74 stones (quivered)
Armour
 m - a +0 tower shield
Scrolls
 d - 3 scrolls of remove curse {unknown}
 g - 2 scrolls of magic mapping {unknown}
 h - a scroll of teleportation {unknown}
 i - 2 scrolls of identify {unknown}
 k - a scroll of random uselessness {unknown}
Potions
 n - a potion of magic
Comestibles
 b - a chunk of flesh
 c - 6 rations


   Skills:
 + Level 1.3(1.2) Fighting
 - Level 2.0(1.9) Dodging
 * Level 4.5(4.4) Unarmed Combat
 - Level 2.0(1.8) Spellcasting
 + Level 2.2(2.1) Transmutations


You had one spell level left.
You knew the following spells:

 Your Spells              Type           Power        Failure   Level  Hunger
a - Beastly Appendage     Tmut           #.....       10%         1    ##.....
b - Sticks to Snakes      Tmut           #.......     16%         2    ###....
S - Spider Form           Tmut/Pois      #.........   43%         3    ####...

Your spell library contained the following spells:

 Spells                   Type           Power        Failure   Level  Hunger
 Ice Form                 Ice/Tmut       #.......     83%         4    #####..
 Blade Hands              Tmut           #.........   95%         5    ######.


Dungeon Overview and Level Annotations

Branches:
Dungeon (2/15)

Altars:
Dithmenos
Makhleb

Annotations:
D:2 Sigmund


Innate Abilities, Weirdness & Mutations

Your plain brown scales are hard. (AC +5)
You cannot fit into any form of body armour.
You are cold-blooded and may be slowed by cold attacks.
You have a pair of horns on your head.
Scrolls take you a little longer to read.
You are somewhat resistant to further mutation.


Message History

Confirm with . or Enter, or press ? or * to list all spells.
You grow a pair of large bovine horns.
The giant cockroach bites you but does no damage.
The giant cockroach misses you.
You barely miss something. Something hits you!
* * * LOW HITPOINT WARNING * * *
The giant cockroach bites you but does no damage.
You hit the giant cockroach. You drain the giant cockroach.
You kill the giant cockroach!
You have reached level 4!
You feel clever. Something hits you but does no damage.
You closely miss something. You tail-slap something.
It was a potion of magic.
Magic courses through your body. Something hits you but does no damage.
It was a potion of mutation.
You feel extremely strange.
Your vision blurs.
You feel genetically stable.
You hear some strange, mumbled words.
A magic dart appears from out of thin air!
The magic dart hits you.
You die...

#...##.# #.###.###.###'#..
###...##.# #.#.÷.........).#
......##.# #.#.##.##.##....#
##.......# #.#.##[.#.##....#
#.....##########.#.###.#.##....#
#.#'#...[).......#.# .#.##....#
#.#.##############.# ...##....#
#...............##.# #..##...>#
####.#########.#§##.# .>#######
............[.#§§S#§. #.#
####)..#####.#§#@#§ #...#
#.§§§§{§§.# #...# # #.#§#§###
#...# ##.§.#.# #...# #.# .#
#...# #.. . #...# ##. # .


You could see a friendly ball python.

Vanquished Creatures
  An ooze (D:1)
  A worm (D:2)
  2 dart slugs
  A leopard gecko (D:2)
  5 giant cockroaches
  6 hobgoblins
  3 jackals (D:1)
  4 kobolds
  A quokka (D:2)
  A ball python (D:2)
  5 bats
  7 frilled lizards
  10 goblins
  8 rats
55 creatures vanquished.

Notes
Turn   | Place    | Note
-------+----------+-------------------------------------------
     0 | D:1      | bli the Draconian Transmuter began the quest for the Orb.
     0 | D:1      | Reached XP level 1. HP: 16/16 MP: 3/3
   290 | D:1      | Reached XP level 2. HP: 19/23 MP: 3/5
   294 | D:1      | Learned a level 2 spell: Sticks to Snakes
   768 | D:1      | Reached skill level 4 in Unarmed Combat
   774 | D:1      | Reached XP level 3. HP: 20/28 MP: 4/6
  1235 | D:1      | Learned a level 3 spell: Spider Form
  1725 | D:2      | Found a burning altar of Makhleb.
  1979 | D:2      | Found a shadowy altar of Dithmenos.
  1979 | D:2      | Noticed Sigmund
  1992 | D:2      | HP: 1/28 [something (7)]
  1993 | D:2      | Reached XP level 4. HP: 1/35 MP: 4/7
  1996 | D:2      | Gained mutation: Scrolls take you a little longer to read.
                  | [potion of mutation]
  1996 | D:2      | Gained mutation: You are somewhat resistant to further
                  | mutation. [potion of mutation]
  1996 | D:2      | Killed from afar by Sigmund

Illustrated notes

Levels and vault maps discovered:
D:1:      doesnt_arrival_eight_statues, layout_basic
D:2:      layout_basic, lemuel_crystal_altar, eino_tiny_chamber,
          grunt_dithmenos_smoke_and_mirrors, uniq_sigmund

Skill      XL: |  1  2 |
---------------+-------+-----
Dodging        | 2 |  2.0
Unarmed Combat | 4 |  4.5
Fighting       | |  1.3
Spellcasting   | |  2.0
Transmutations | |  2.2

Action                   |  1- 3 |  4- 6 || total
-------------------------+-------+-------++-------
Melee: Unarmed           |    73 |       ||    73
       Tailslap          |    14 |     1 ||    15
       Headbutt          |     3 |       ||     3
       Dagger            |    91 |     1 ||    92
       Punch             |     1 |       ||     1
 Cast: Beastly Appendage |    20 |       ||    20
       Sticks to Snakes  |     2 |       ||     2
  Use: Potion            |       |     2 ||     2
 Stab: Sleeping          |     2 |       ||     2
  Eat: Chunk             |     4 |       ||     4
Armor: Skin              |    53 |       ||    53
Dodge: Dodged            |    93 |       ||    93
